cohdb
Replays
Latest Replays
All Replays
Popular Replays
Top Player Replays
Match Explorer
How It Works
Community
CoH3 Stats
Reddit
Sign in to upload your games and track your stats! →
Sign in with Steam
Match 44640389
Unlisted
Match 44640389
Overview
Messages
Build Orders
End
Construct Barracks
Selects Advanced Infantry Battlegroup
Engineer Squad
Riflemen Squad
M1 Mortar Team
Construct Weapon Support Center
Grenade Package
Selects Convert to Ranger Squad
Riflemen Squad
Convert to Ranger Squad
oklopnik
Clipper__________
Samaniego
pechoporro
UH|dun! ツ
iceman
Vengeful One
୧ ⍤⃝୨
0
0
Comments
sign in to comment!
No comments posted yet!